 Dungeon Sprint DCSS version 0.30-a0-439-g9e77e4d916 (webtiles) character file.

Game seed: 9857663471761434334

429 rocky1 the Fighter (level 6, 0/74 HPs)
             Began as an Ogre Warper on Dec 11, 2022.
             Was a High Priest of Cheibriados.
             Slain by a sea snake (16 damage)
             ... in the Dungeon (Sprint VII: "The Pits").
             The game lasted 00:02:13 (454 turns).

rocky1 the Fighter (Ogre Warper)                     Turns: 454, Time: 00:02:15

Health: 0/74       AC:  3    Str: 30      XL:     6   Next: 98%
Magic:  6/16       EV: 10    Int: 26      God:    Cheibriados [*****.]
Gold:   0          SH:  0    Dex: 17 (20) Spells: 7/19 levels left

rFire   . . .      SeeInvis .    n - +0 flail (vorpal)
rCold   . . .      Faith    .    (no shield)
rNeg    . . .      Spirit   .    b - +0 robe
rPois   .          Reflect  .    (helmet restricted)
rElec   .          Harm     .    (no cloak)
rCorr   .          Rampage  .    (gloves unavailable)
Will    .....      NoTele   +    (boots unavailable)
Stlth   ++........               (no amulet)
HPRegen 0.32/turn                (no ring)
MPRegen 0.15/turn                (no ring)

@: lethally poisoned (0 -> -31), very slow
A: large, unfitting armour, tough skin 1
a: Renounce Religion, Bend Time, Temporal Distortion, Slouch, Step From Time


You were in the Dungeon.
You worshipped Cheibriados.
Cheibriados was extremely pleased with you.
You visited 1 branch

Inventory:

Hand Weapons
 m - a +2 mace of holy wrath
 n - a +0 vorpal flail (weapon)
Missiles
 d - 6 boomerangs of dispersal (quivered)
Armour
 b - a +0 robe (worn)
Scrolls
 c - 2 scrolls of blinking
 k - 5 scrolls of amnesia
 l - a scroll of summoning
Potions
 e - 6 potions of curing
 f - 6 potions of heal wounds
 h - 4 potions of magic
 i - 2 potions of berserk rage
 j - 2 potions of invisibility


   Skills:
 + Level 8.8 Fighting
 + Level 6.1 Maces & Flails
 - Level 1.0 Throwing
 - Level 2.1 Dodging
 + Level 7.4 Spellcasting
 + Level 6.4 Translocations
 + Level 0.4 Air Magic
 + Level 6.9 Invocations


You had 7 spell levels left.
You knew the following spells:

 Your Spells              Type           Power      Damage    Failure   Level
a - Blink                 Tloc           86%        N/A       1%          2
b - Vhi's Electric Charg  Tloc/Air       54%        N/A       4%          3
c - Manifold Assault      Tloc           43%        N/A       4%          4
d - Lesser Beckoning      Tloc           86%        N/A       1%          3

Your spell library contained the following spells:

 Spells                   Type           Power      Damage    Failure   Level
 Teleport Other           Tloc           43%        N/A       1%          3


Dungeon Overview and Level Annotations

Branches:
Dungeon (1/1)

Altars:
Ashenzari
Cheibriados
Dithmenos
Elyvilon
Fedhas
Gozag
Hepliaklqana
Kikubaaqudgha
Makhleb
Nemelex Xobeh
Okawaru
Qazlal
Ru
Sif Muna
Trog
Uskayaw
Vehumet
Wu Jian
Xom
Yredelemnul
Zin
The Shining One
Jiyva
Lugonu


Innate Abilities, Weirdness & Mutations

You are too large for most types of armour.
You have tough skin. (AC +1)


Message History

The quasit is moderately wounded.
The quasit bites you.
You feel clumsy. The quasit claws you. The quasit barely misses you.
Your +2 mace of holy wrath softly glows with a divine radiance!
m - a +2 mace of holy wrath (weapon)
The quasit bites you.
You feel clumsy.
The quasit claws you but does no damage.
The quasit barely misses you.
You sock the quasit!
You kill the quasit!
Cheibriados appreciates the change of pace.
Cheibriados raises the support of your attributes as your movement slows.
There is an open door here.
Your +2 mace of holy wrath stops glowing.
n - a +0 vorpal flail (weapon)
You open the door.
A sea snake comes into view.
The sea snake hisses angrily.
The sea snake bites you!! The sea snake bites you.
You are poisoned.
The sea snake poisons you! The sea snake bites you!
There is an open door, spattered with blood here.
Unknown command.
Activating: Slouch (9% risk of failure)
Press: ? - help, Dir - look around, f - activate You can feel time thicken for a moment.
Cheibriados lowers the support of your attributes as your movement quickens.
* * * LOW HITPOINT WARNING * * *
You feel extremely sick. The sea snake barely misses you.
Activating: Slouch (10% risk of failure)
Press: ? - help, Dir - look around, f - activate You can feel time thicken for a moment.
Cheibriados lowers the support of your attributes as your movement quickens.
* * * LOW HITPOINT WARNING * * *
You feel very sick. The sea snake bites you!
You die...

#.#........##.......#
#)#........##.......#
#)###########.......#
#......)# #########
#.......# #...#...#
#..###).#+#
#...#...#S+
#.......#@#
#.......'.#
###########


You could see a sea snake.

Vanquished Creatures
  A fire bat (D)
  An orc warrior (D)
  A scorpion (D)
  A quasit (D)
  2 orc priests (D)
  An iguana (D)
  2 ufetubi (D)
  An adder skeleton (D)
  2 orcs (D)
  A giant cockroach (D)
  2 hobgoblins (D)
  A quokka (D)
  A bat (D)
  A frilled lizard (D)
  A giant cockroach zombie (D)
19 creatures vanquished.

Notes
Turn   | Place    | Note
-------+----------+-------------------------------------------
     0 | D        | rocky1 the Ogre Warper began the quest for the Orb.
     0 | D        | Reached XP level 1. HP: 22/22 MP: 3/3
    19 | D        | Found a bloodstained altar of Trog.
    19 | D        | Found a shimmering blue altar of Sif Muna.
    19 | D        | Found a viscous altar of Jiyva.
    19 | D        | Found a hazy altar of Hepliaklqana.
    19 | D        | Found an opulent altar of Gozag.
    20 | D        | Found a glowing golden altar of the Shining One.
    20 | D        | Found a glowing silver altar of Zin.
    20 | D        | Found a basalt altar of Yredelemnul.
    20 | D        | Found a shimmering altar of Xom.
    20 | D        | Found an ornate altar of the Wu Jian Council.
    20 | D        | Found a sacrificial altar of Ru.
    20 | D        | Found a stormy altar of Qazlal.
    20 | D        | Found an iron altar of Okawaru.
    20 | D        | Found a sparkling altar of Nemelex Xobeh.
    20 | D        | Found a burning altar of Makhleb.
    20 | D        | Found a blossoming altar of Fedhas.
    20 | D        | Found a white marble altar of Elyvilon.
    20 | D        | Found a shadowy altar of Dithmenos.
    20 | D        | Found a snail-covered altar of Cheibriados.
    23 | D        | Found a corrupted altar of Lugonu.
    23 | D        | Found a radiant altar of Vehumet.
    24 | D        | Found an ancient bone altar of Kikubaaqudgha.
    24 | D        | Found a hide-covered altar of Uskayaw.
    24 | D        | Found a broken altar of Ashenzari.
    31 | D        | Became a worshipper of Cheibriados the Contemplative
    76 | D        | Reached skill level 3 in Fighting
    76 | D        | Reached * piety under Cheibriados
    77 | D        | Reached skill level 1 in Invocations
   194 | D        | Noticed a scorpion
   198 | D        | Killed a scorpion
   198 | D        | Reached ** piety under Cheibriados
   199 | D        | Reached skill level 5 in Fighting
   199 | D        | Reached XP level 2. HP: 35/35 MP: 5/7
   199 | D        | Reached XP level 3. HP: 42/42 MP: 5/8
   199 | D        | Reached XP level 4. HP: 50/50 MP: 6/10
   253 | D        | Reached *** piety under Cheibriados
   259 | D        | Reached **** piety under Cheibriados
   268 | D        | Learned a level 2 spell: Blink
   272 | D        | Learned a level 3 spell: Vhi's Electric Charge
   277 | D        | Learned a level 4 spell: Manifold Assault
   281 | D        | Learned a level 3 spell: Lesser Beckoning
   331 | D        | Noticed an orc warrior
   331 | D        | Noticed a fire bat
   332 | D        | Killed a fire bat
   332 | D        | Reached ***** piety under Cheibriados
   333 | D        | Reached skill level 7 in Fighting
   333 | D        | Reached skill level 5 in Maces & Flails
   333 | D        | Reached skill level 5 in Translocations
   333 | D        | Reached skill level 5 in Invocations
   333 | D        | Reached XP level 5. HP: 63/63 MP: 5/13
   333 | D        | Reached XP level 6. HP: 72/72 MP: 5/15
   339 | D        | Killed an orc warrior
   340 | D        | Reached skill level 8 in Fighting
   451 | D        | Noticed a sea snake
   454 | D        | Slain by a sea snake

Illustrated notes

Levels and vault maps discovered:
D:        pitsprint [storerooms_1, entrance_room_1, metal_vault_4, armoury_3,
          mini_pit_1, grid_room_1, main_hall_1, silver_pit, the_coven_3,
          the_vestibule_1, steel_vault_5, golden_pit, hallway_of_sentries,
          crystal_vault_3, iron_vault_1, final_vault]

Skill      XL: |  1  2  3  4  5  6 |
---------------+-------------------+-----
Maces & Flails | 3 5 6 |  6.1
Fighting       | 5 7 8 |  8.8
Spellcasting   | 4 6 7 |  7.4
Invocations    | 3 5 6 |  6.9
Translocations | 4 5 6 |  6.4
Throwing       | |  1.0
Dodging        | |  2.1
Air Magic      | |  0.4

Action                   |  1- 3 |  4- 6 || total
-------------------------+-------+-------++-------
Melee: Mace              |    10 |    14 ||    24
       Flail             |       |    13 ||    13
Throw: Boomerang         |     1 |       ||     1
Invok: Slouch            |       |     3 ||     3
  Use: Potion            |     1 |       ||     1
Armor: Robe              |     5 |    11 ||    16
Dodge: Dodged            |     5 |    23 ||    28

Table legend: (Time is in decaauts)
 A = Elapsed time spent in this place.
 B = Non-inter-level travel time spent in this place.
 C = Inter-level travel time spent in this place.
 D = Time resting spent in this place.
 E = Time spent auto-exploring this place.
 F = Levels seen in this place.
 G = Mean time per level.
                   A        B        C        D        E       F      G
               +--------+--------+--------+--------+--------+-----+--------+
         Total |    541 |    507 |     34 |    247 |      0 |   1 |  541.0 |
       Dungeon |    541 |    507 |     34 |    247 |      0 |   1 |  541.0 |
               +--------+--------+--------+--------+--------+-----+--------+

Top non-repeatable levels by time:
       D: 541 daAuts
